 Dungeon Crawl Stone Soup version 0.24.1 (webtiles) character file.

Game seed: 12858719550767041634, levelgen mode: deterministic

120 Fukker the Twirler (level 4, -1/36 HPs)
             Began as a Centaur Gladiator on Mar 29, 2020.
             Slain by an orc
             ... wielding a +0 short sword
              (5 damage)
             ... on level 3 of the Dungeon.
             The game lasted 00:02:48 (1823 turns).

Fukker the Twirler (Centaur Gladiator)              Turns: 1823, Time: 00:02:49

Health: -1/36      AC:  5    Str: 17    XL:     4   Next: 75%
Magic:  4/4        EV: 10    Int:  7    God:
Gold:   71         SH:  0    Dex: 11    Spells: 3/3 levels left

rFire    . . .     SeeInvis .   a - +0 quarterstaff
rCold    . . .     Gourm    .   (shield currently unavailable)
rNeg     . . .     Faith    .   b - +0 leather armour
rPois    .         Spirit   .   c - +0 helmet
rElec    .         Reflect  .   (no cloak)
rCorr    .         Harm     .   (no gloves)
MR       .....                  (no barding)
Stlth    +.........             (no amulet)
HPRegen  0.12/turn              (no ring)
MPRegen  0.09/turn              (no ring)

@: very quick
A: large, hooves 3, deformed body, speed 2, tough skin 3
a: no special abilities


You were on level 3 of the Dungeon.
You were hungry.

You visited 1 branch of the dungeon, and saw 3 of its levels.

You collected 71 gold pieces.

Inventory:

Hand Weapons
 a - a +0 quarterstaff (weapon)
 n - a +1 hunting sling of freezing
Missiles
 d - 3 throwing nets (quivered)
 h - 18 sling bullets
 k - 2 boomerangs
 p - 30 stones
Armour
 b - a +0 leather armour (worn)
 c - a +0 helmet (worn)
Scrolls
 e - 3 scrolls of identify {unknown}
 i - a scroll of amnesia {unknown}
 j - 2 scrolls of teleportation {unknown}
 q - a scroll of magic mapping {unknown}
Potions
 g - a potion of haste {unknown}
 l - 4 potions of curing {unknown}
 m - 2 potions of invisibility {unknown}
 o - a potion of flight {unknown}
Comestibles
 f - 7 rations


   Skills:
 - Level 2.0 Fighting
 + Level 4.8 Staves
 + Level 0.1(1.3) Slings
 - Level 2.3 Throwing
 - Level 2.3 Dodging
 + Level 0.1 Stealth


You had 3 spell levels left.
You didn't know any spells.
Your spell library was empty.

Dungeon Overview and Level Annotations

Branches:
Dungeon (3/15)

Altars:
Ashenzari
Nemelex Xobeh


Innate Abilities, Weirdness & Mutations

You have hooves in place of feet.
Armour fits poorly on your strangely shaped body.
You cover ground very quickly.
You have extremely tough skin. (AC +3)


Message History

You kill the orc!
You barely miss the orc. The orc closely misses you.
You barely miss the orc. Your kick misses the orc.
The orc hits you with a +0 short sword.
* * * LOW HITPOINT WARNING * * *
You closely miss the orc. You kick the orc.
The orc is heavily wounded.
The orc barely misses you.
You barely miss the orc.
The orc is heavily wounded.
The orc hits you with a +0 short sword.
* * * LOW HITPOINT WARNING * * *
You hit the orc. You kick the orc, but do no damage.
The orc is almost dead.
The orc hits you with a +0 short sword.
* * * LOW HITPOINT WARNING * * *
You hit the orc but do no damage.
The orc is almost dead.
The orc hits you with a +0 short sword.
You die...

...#...........#.######....######
...........#####.................
....#.##...##....................
....#.#..#....P####..#####PP.PP..
....#.#..#.#...# #..#...#######.
#####.#..#.#...# #P.#)..').#..#.
#.......#.#...#+##P.#'###..#..#.
#.........#.............####'##.
#.......###....@o.(.............
#.......#.......#†###...........
#.........#..#+##)..#'##P.#+##..
#...†††##.#. #...#†)#..# #P.
###..<....# #...#..#..# #..
#.#.....# ########..# #P.
#.#........ .... ... #.#.....#..
...... .## #.#.....# # ######


You could see an orc.

Vanquished Creatures
  5 adders (D:2)
  A worm (D:3)
  3 dart slugs (D:1)
  2 leopard geckos (D:1)
  2 orcs (D:3)
  8 bats
  3 giant cockroaches
  4 goblins
  9 hobgoblins
  3 jackals (D:2)
  A ball python (D:2)
  3 frilled lizards (D:2)
  14 kobolds
  A quokka skeleton (D:3)
  5 rats
64 creatures vanquished.

Notes
Turn   | Place    | Note
-------+----------+-------------------------------------------
     0 | D:1      | Fukker the Centaur Gladiator began the quest for the Orb.
     0 | D:1      | Reached XP level 1. HP: 17/17 MP: 1/1
    31 | D:1      | Reached skill level 3 in Staves
    31 | D:1      | Reached XP level 2. HP: 17/24 MP: 2/2
   436 | D:1      | Reached XP level 3. HP: 28/29 MP: 3/3
   911 | D:2      | Reached skill level 4 in Staves
   968 | D:2      | Reached XP level 4. HP: 17/36 MP: 4/4
  1386 | D:2      | Found a sparkling altar of Nemelex Xobeh.
  1513 | D:2      | Found a shattered altar of Ashenzari.
  1823 | D:3      | Slain by an orc

Levels and vault maps discovered:
D:1:      psy_arrival_spokes, layout_basic, chequers_serial_rivers_micro_c
D:2:      layout_loops_ring, nicolae_overflow_crystal_walls,
          lemuel_coloured_pillars_altar
D:3:      corexii_shack_village, layout_basic, tso_oasis_becter,
          gammafunk_temple_overflow_wave

Skill      XL: |  1  2  3 |
---------------+----------+-----
Staves         | 3 4 |  4.8
Fighting       | |  2.0
Slings         | |  0.1
Throwing       | |  2.3
Dodging        | |  2.3
Stealth        | |  0.1

Action                   |  1- 3 |  4- 6 || total
-------------------------+-------+-------++-------
Melee: Quarterstaff      |    87 |    75 ||   162
       Kick              |    13 |    12 ||    25
 Fire: Hunting sling     |       |     3 ||     3
  Eat: Chunk             |       |     1 ||     1
Armor: Leather armour    |    32 |    24 ||    56
Dodge: Dodged            |    54 |    39 ||    93
